 Dungeon Crawl Stone Soup version 0.27-a0-597-g524d869a0f (webtiles) character file.

Game seed: 16051714747857549209

992 sahdkjhfkaj the Cutter (level 7, 0/61 HPs)
             Began as a Minotaur Gladiator on Mar 12, 2021.
             Slain by a troll (12 damage)
             ... on level 4 of the Dungeon.
             The game lasted 00:02:55 (2950 turns).

sahdkjhfkaj the Cutter (Minotaur Gladiator)         Turns: 2950, Time: 00:02:56

Health: 0/61       AC:  3    Str: 20    XL:     7   Next: 98%
Magic:  6/6        EV: 13    Int:  5    God:
Gold:   143        SH:  0    Dex: 12    Spells: 6/6 levels left

rFire    . . .     SeeInvis .   a - +0 rapier
rCold    . . .     Faith    .   (no shield)
rNeg     . . .     Spirit   .   b - +0 leather armour
rPois    .         Reflect  .   c - +0 hat
rElec    .         Harm     .   (no cloak)
rCorr    .         Rampage  .   (no gloves)
Will     +....                  (no boots)
Stlth    +.........             i - amulet of the acrobat
HPRegen  0.20/turn              h - ring of willpower
MPRegen  0.10/turn              (no ring)

@: lethally poisoned (0 -> -2)
A: horns 2, retaliatory headbutt
a: no special abilities


You were on level 4 of the Dungeon.
You visited 1 branch of the dungeon, and saw 4 of its levels.

You collected 143 gold pieces.

Inventory:

Hand Weapons
 a - a +0 rapier (weapon)
Armour
 b - a +0 leather armour (worn)
 c - a +0 hat (worn)
Jewellery
 h - a ring of willpower (right hand)
 i - an amulet of the acrobat (around neck)
 k - a +4 ring of evasion
Scrolls
 f - 9 scrolls of identify {unknown}
 g - a scroll of enchant armour {unknown}
 j - a scroll of teleportation {unknown}
 n - 2 scrolls of noise {unknown}
 p - a scroll of random uselessness {unknown}
 q - a scroll of fog {unknown}
 r - a scroll of amnesia {unknown}
Potions
 e - a potion of cancellation {unknown}
 l - a potion of magic {unknown}
 m - a potion of curing {unknown}
 o - a potion of brilliance {unknown}


   Skills:
 + Level 5.3 Fighting
 * Level 7.2 Short Blades
 - Level 2.0 Throwing
 + Level 4.7 Armour
 + Level 5.5 Dodging


You had 6 spell levels left.
You didn't know any spells.
Your spell library was empty.

Dungeon Overview and Level Annotations

Branches:
Dungeon (4/15)
 Temple: D:4-7

Altars:


Innate Abilities, Weirdness & Mutations

You have a pair of horns on your head.
You reflexively headbutt those who attack you in melee.


Message History

You hit the five-headed hydra but do no damage.
The five-headed hydra is almost dead.
The five-headed hydra struggles against the net.
The net rips apart, and the five-headed hydra comes free!
You puncture the five-headed hydra!
You kill the five-headed hydra!
A leopard gecko comes into view.
Your Fighting skill increases to level 5!
Your Short Blades skill gained 2 levels and is now at level 7!
Your Armour skill increases to level 4!
Your Dodging skill increases to level 5!
You have reached level 7!
A jackal comes into view.
The jackal barks!
You hear an angry hiss.
There is a stone staircase leading up here.
There is a stone staircase leading up here.
Found a stone staircase leading down.
A bullfrog skeleton comes into view.
Found a scroll labelled XOTEOPH TELOISAF.
A worker ant comes into view.
The worker ant misses you.
You hit the jackal but do no damage. The worker ant completely misses you.
The jackal bites you but does no damage.
You hit the jackal but do no damage. The jackal barely misses you.
The worker ant bites you.
You are poisoned.
The worker ant poisons you!
You hit the jackal but do no damage.
You feel sick. The jackal completely misses you. You furiously retaliate!
You headbutt the jackal. The worker ant bites you. The troll bites you.
The troll barely misses you. x2; The jackal misses you.
You barely miss the jackal. Your headbutt misses the jackal.
The jackal is almost dead.
The worker ant misses you. The jackal bites you.
You hit the jackal but do no damage.
The jackal is almost dead.
You feel sick. The troll barely misses you. The troll claws you.
* * * LOW HITPOINT WARNING * * *
The troll claws you!
You die...

#.###.#.......#.
##.#..##<..#....
##.#.##.####.##
###.#....# ...
..##l#.# ##
.###<#.# #
#T#.#####
#.#..hB.##
#.####@..#
#...lTZ..#
#.###...^# #.#
#.?..# #.#
##...# ..# #...#
Z.# ##### ..>#
.##


You could see a troll, a worker ant, a leopard gecko, a jackal and a bullfrog
skeleton.

Vanquished Creatures
  A hydra (D:4)
  A phantom (D:4)
  An orc priest (D:3)
  Natasha (twice) (D:2)
  6 adders
  A worm (D:3)
  A dart slug (D:1)
  4 leopard geckos
  5 orcs (D:3)
  12 bats
  3 giant cockroaches
  13 goblins
  11 hobgoblins
  7 jackals
  A kobold (D:3)
  A quokka (D:2)
  4 frilled lizards
  A quokka skeleton (D:3)
  7 rats
82 creatures vanquished.

Notes
Turn   | Place    | Note
-------+----------+-------------------------------------------
     0 | D:1      | sahdkjhfkaj the Minotaur Gladiator began the quest for the
                  | Orb.
     0 | D:1      | Reached XP level 1. HP: 18/18 MP: 0/0
   127 | D:1      | Reached XP level 2. HP: 20/25 MP: 1/1
   265 | D:1      | Reached skill level 1 in Armour
   633 | D:2      | Reached XP level 3. HP: 30/30 MP: 2/2
   651 | D:2      | Reached skill level 4 in Short Blades
   812 | D:2      | Noticed Natasha
   821 | D:2      | Killed Natasha
   822 | D:2      | Reached XP level 4. HP: 10/38 MP: 3/3
   825 | D:2      | Noticed Natasha
  1326 | D:2      | Killed Natasha
  1590 | D:2      | You fall into a shaft and drop 1 floor!
  1824 | D:3      | Reached XP level 5. HP: 37/45 MP: 4/4
  1924 | D:3      | Reached skill level 5 in Short Blades
  2736 | D:4      | Noticed a phantom
  2749 | D:4      | Killed a phantom
  2750 | D:4      | Reached XP level 6. HP: 30/52 MP: 5/5
  2899 | D:4      | Noticed a five-headed hydra
  2900 | D:4      | Noticed a troll
  2917 | D:4      | Killed a five-headed hydra
  2918 | D:4      | Reached skill level 5 in Fighting
  2918 | D:4      | Reached skill level 7 in Short Blades
  2918 | D:4      | Reached skill level 5 in Dodging
  2918 | D:4      | Reached XP level 7. HP: 23/61 MP: 6/6
  2950 | D:4      | Slain by a troll

Illustrated notes

Levels and vault maps discovered:
D:1:      mrwooster_arrival_arrow, layout_rooms
D:2:      layout_rooms, minmay_misc_feat_rows, tso_altar, uniq_natasha
D:3:      layout_basic
D:4:      layout_basic, minmay_small_thing, uniq_eustachio

Skill      XL: |  1  2  3  4  5  6 |
---------------+-------------------+-----
Armour         | 1 2 3 4 |  4.7
Short Blades   | 4 5 7 |  7.2
Fighting       | 3 4 5 |  5.3
Dodging        | 4 5 |  5.5
Throwing       | |  2.0

Action                   |  1- 3 |  4- 6 |  7- 9 || total
-------------------------+-------+-------+-------++-------
Melee: Rapier            |    69 |   121 |     5 ||   195
       Headbutt          |     7 |    17 |       ||    24
Throw: Throwing net      |       |     3 |       ||     3
 Stab: Held in net/web   |       |     2 |       ||     2
Armor: Leather armour    |    17 |    22 |     1 ||    40
Dodge: Dodged            |    76 |   107 |     9 ||   192

Table legend: (Time is in decaauts)
 A = Elapsed time spent in this place.
 B = Non-inter-level travel time spent in this place.
 C = Inter-level travel time spent in this place.
 D = Time resting spent in this place.
 E = Time spent auto-exploring this place.
 F = Levels seen in this place.
 G = Mean time per level.
                   A        B        C        D        E       F      G
               +--------+--------+--------+--------+--------+-----+--------+
         Total |   2944 |   2887 |     57 |      0 |   2392 |   4 |  736.0 |
       Dungeon |   2944 |   2887 |     57 |      0 |   2392 |   4 |  736.0 |
               +--------+--------+--------+--------+--------+-----+--------+

Top non-repeatable levels by time:
     D:3: 1143 daAuts
     D:1: 883 daAuts
     D:2: 706 daAuts
     D:4: 211 daAuts
